Map: Apotheosis LE

Players

luser - Winner!

  • Race: Terran Terran
  • League: Silver

A.I. 1 (Very Easy)

  • Race: Zerg Zerg

VOD

Have the link to the VOD?

Description

Time

  • Played on: Aug. 27, 2016, 3:20 a.m.
  • Length: 7:56
Show
View Real Time Build Order
Export as new Build Order

luser Terran - Winner!

Build Orders: MMM Bio 

Get SALT Encoding   

  12  0:00  SCV  
  13  0:14  Supply Depot  
  13  0:22  Refinery  
  13  0:36  Barracks  
  13  0:39  SCV  
  14  0:52  SCV  
  15  1:01  Supply Depot  
  15  1:04  SCV  
  16  1:18  SCV  
  17  1:23  Barracks Reactor  
  17  1:30  SCV  
  17  1:31  Barracks  
  18  1:42  SCV  
  19  1:54  SCV  
  19  2:01  Marine x2  
  22  2:11  Command Center  
  22  2:19  SCV  
  22  2:20  Barracks Tech Lab  
  22  2:21  Marine  
  24  2:24  Marine  
  25  2:33  Orbital Command  
  25  2:39  Refinery  
  25  2:44  Marine  
  25  2:50  Supply Depot  
  26  2:56  Marine  
  27  2:58  Marine  
  27  3:03  Stimpack  
  28  3:07  SCV  
  28  3:10  Marine  
  30  3:17  Marine  
  31  3:23  Factory  
  31  3:24  SCV  
  32  3:28  Marine  
  33  3:36  SCV  
  33  3:39  SCV  
  35  3:41  Marine  
  35  3:42  Marine  
  37  3:48  SCV  
  37  3:50  Marine  
  37  3:51  SCV  
  40  4:00  SCV  
  40  4:02  Marine x2  
  43  4:13  SCV, Starport  
  43  4:15  Marine  
  46  4:17  SCV  
  46  4:22  Marine  
  47  4:25  SCV  
  47  4:27  Supply Depot  
  47  4:29  SCV  
  49  4:32  Factory Reactor  
  49  4:35  Marine x2  
  49  4:37  SCV  
  52  4:41  SCV  
  53  4:46  Marine  
  53  4:49  SCV  
  53  4:51  Engineering Bay  
  55  4:53  SCV  
  55  4:55  Marine x2  
  58  5:01  SCV  
  58  5:03  Marine  
  58  5:06  SCV, Supply Depot  
  61  5:13  Marine  
  62  5:16  Barracks  
  62  5:28  SCV, Medivac x2, Marine x2  
  70  5:32  Orbital Command  
  70  5:34  Marine  
  70  5:38  Terran Infantry Weapons Level 1  
  70  5:39  Supply Depot  
  70  6:00  SCV, Marine x3  
  70  6:02  Barracks  
  74  6:07  SCV  
  74  6:09  Marine  
  74  6:10  Refinery x2  
  76  6:13  SCV  
  76  6:18  Marine, Supply Depot  
  77  6:21  Engineering Bay  
  78  6:25  Combat Shields  
  78  6:32  Barracks Reactor  
  78  6:36  Armory  
  78  6:39  Medivac x2, Marine x2  
  86  6:40  SCV x2  
  86  6:41  Supply Depot  
  86  6:42  Starport  
  86  7:00  Barracks Reactor  
  86  7:02  SCV x2, Marine x3  
  86  7:08  Marine  
  91  7:11  Supply Depot  
  91  7:14  SCV  
  91  7:15  Marine  
  94  7:27  Command Center  
  94  7:33  Marine x5  
  94  7:35  SCV, Supply Depot  
  102  7:44  Supply Depot  
Show
View Real Time Build Order
Export as new Build Order

A.I. 1 (Very Easy) Zerg 

Build Orders: Pool Only 

Get SALT Encoding   

  12  0:01  Drone  
  13  0:12  Overlord  
  13  0:16  Drone  
  14  0:36  Spawning Pool  
  14  0:37  Extractor  
  14  0:40  Drone  
  13  0:47  Drone  
  14  0:53  Overlord  
  14  1:23  Zergling x2  
  14  1:25  Queen  
  17  1:34  Roach Warren  
  17  1:37  Drone  
  17  1:40  Extractor  
  17  1:45  Drone  
  17  1:52  Zergling x2  
  18  2:04  Drone  
  19  2:11  Drone  
  20  2:20  Drone  
  20  2:22  Zergling x2  
  22  2:31  Overlord  
  22  2:36  Drone  
  23  2:43  Drone  
  24  2:50  Drone  
  25  2:54  Roach  
  27  7:04  Zergling x2  
  22  7:32  Drone  
  22  7:33  Overlord  
  17  7:39  Drone  
  16  7:46  Extractor  
Tags
 
Composition
MMM Bio
League
Silver
Matchup
TvZ
Opening
Pool Only
Add a new tag
Caveats
  • Supply blocks, unpowered buildings, or Contaminate may cause inaccurate times.
  • Supply counts are checked every 10 seconds.